 Dungeon Crawl Stone Soup version 0.24-a0-201-gf205589 (webtiles) character file.

Game seed: 6883914109064280547

67 silenth the Vexing (level 3, -1/16 HPs)
             Began as a Spriggan Enchanter on Mar 21, 2019.
             Slain by an iguana (10 damage)
             ... on level 3 of the Dungeon.
             The game lasted 00:02:42 (2229 turns).

silenth the Vexing (Spriggan Enchanter)             Turns: 2229, Time: 00:02:43

Health: -1/16      AC:  2    Str:  4    XL:     3   Next: 98%
Magic:  9/9        EV: 18    Int: 17    God:
Gold:   40         SH:  0    Dex: 16    Spells: 3/9 levels left

rFire    . . .     SeeInvis +   a - +1 dagger
rCold    . . .     Gourm    .   (shield restricted)
rNeg     . . .     Faith    .   b - +0 robe
rPois    .         Spirit   .   (helmet restricted)
rElec    .         Reflect  .   (no cloak)
rCorr    .         Harm     +   (gloves unavailable)
MR       .....                  (boots unavailable)
Stlth    +++.......             q - amulet of harm
HPRegen  0.05/turn              (no ring)
MPRegen  0.11/turn              (no ring)

@: very quick
A: very small, unfitting armour, see invisible, herbivore, speed 3, slow
metabolism 2
a: no special abilities


You were on level 3 of the Dungeon.
You were not hungry.

You visited 1 branch of the dungeon, and saw 3 of its levels.

You collected 40 gold pieces.

Inventory:

Hand Weapons
 a - a +1 dagger (weapon)
 p - a +0 short sword of venom
Armour
 b - a +0 robe (worn)
Jewellery
 k - an uncursed amulet of rage
 q - an amulet of harm (around neck)
Scrolls
 f - 2 scrolls of teleportation
 l - a scroll of noise {unknown}
 m - 2 scrolls of identify {unknown}
 n - 2 scrolls of remove curse {unknown}
 o - a scroll of random uselessness {unknown}
Potions
 c - a potion of resistance {unknown}
 d - a potion of magic {unknown}
 g - 2 potions of degeneration {unknown}
 h - a potion of heal wounds {unknown}
 i - a potion of mutation {unknown}
 j - a potion of agility {unknown}
Comestibles
 e - 6 rations


   Skills:
 - Level 1.1 Short Blades
 - Level 3.0 Dodging
 - Level 4.4 Stealth
 + Level 3.6 Spellcasting
 * Level 5.0 Hexes
 + Level 1.0 Ice Magic


You had 3 spell levels left.
You knew the following spells:

 Your Spells              Type           Power        Failure   Level  Hunger
a - Corona                Hex            ###....      1%          1    None
b - Ensorcelled Hibernat  Hex/Ice        ##....       7%          2    ##.....
c - Confuse               Hex            ###.....     6%          3    ###....

Your spell library contained the following spells:

 Spells                   Type           Power        Failure   Level  Hunger
 Tukima's Dance           Hex            ###.....     6%          3    ###....
 Dazzling Spray           Conj/Hex       ##....       17%         3    ###....


Dungeon Overview and Level Annotations

Branches:
Dungeon (3/15)

Altars:
Yredelemnul


Innate Abilities, Weirdness & Mutations

You are very small and have problems with some larger weapons.
You are too small for most types of armour.
You have supernaturally acute eyesight. (SInv)
You are a herbivore.
You cover ground extremely quickly.
You need to consume almost no food.


Message History

You kill the kobold!
An iguana comes into view.
The iguana hisses angrily.
The rat misses you.
You hit the rat.
The rat is heavily wounded.
The rat completely misses you.
You barely miss the rat.
The rat is heavily wounded.
You barely miss the rat.
The rat is heavily wounded.
The rat misses you.
You barely miss the rat.
The rat is heavily wounded.
The rat bites you. The iguana closely misses you.
You closely miss the rat.
The rat is heavily wounded.
The rat bites you. The iguana bites you!
Ouch! That really hurt!
You die...

#.# #†# #<#
#.#
#######.#
#.......#
###.P.P...#
.....⚑$...#
#..P.P@.##
##...rl##
####.## #.
#. #. #. #.


You could see an iguana and a rat.

Vanquished Creatures
  Natasha (D:3)
  An adder (D:2)
  An ooze (D:2)
  A leopard gecko (D:2)
  4 bats
  A giant cockroach (D:1)
  4 goblins
  4 hobgoblins (D:2)
  A jackal (D:2)
  5 kobolds
  A frilled lizard (D:1)
  3 rats
27 creatures vanquished.

Notes
Turn   | Place    | Note
-------+----------+-------------------------------------------
     0 | D:1      | silenth the Spriggan Enchanter began the quest for the Orb.
     0 | D:1      | Reached XP level 1. HP: 9/9 MP: 5/5
   491 | D:1      | Reached skill level 4 in Hexes
   578 | D:1      | Reached skill level 3 in Spellcasting
   610 | D:1      | Reached XP level 2. HP: 13/13 MP: 7/7
   980 | D:2      | Learned a level 2 spell: Ensorcelled Hibernation
  1625 | D:2      | Reached XP level 3. HP: 10/16 MP: 3/8
  1630 | D:2      | Learned a level 3 spell: Confuse
  2135 | D:3      | Noticed Natasha
  2142 | D:3      | Killed Natasha
  2142 | D:3      | Reached skill level 5 in Hexes
  2142 | D:3      | Reached skill level 1 in Ice Magic
  2215 | D:3      | Found a basalt altar of Yredelemnul.
  2229 | D:3      | Slain by an iguana

Levels and vault maps discovered:
D:1:      dpeg_arrival_pits, layout_loops_corners
D:2:      layout_basic, first_ration, minmay_misc_feat_plants,
          minmay_pentomino_w4
D:3:      layout_loops_ring, nicolae_overflow_hidden_temple,
          nicolae_qazlal_style_of_elements, yredelemnul_altar_generic,
          uniq_natasha, uniq_crazy_yiuf_cottage, uniq_terence

Skill      XL: |  1  2  3 |
---------------+----------+-----
Hexes          | 4 5 |  5.0
Spellcasting   | 3 |  3.6
Ice Magic      | 1 |  1.0
Short Blades   | |  1.1
Dodging        | |  3.0
Stealth        | |  4.4

Action                   || total
-------------------------++-------
Melee: Dagger            ||   100
 Cast: Ensorcelled Hiber ||    10
       Corona            ||     3
  Use: Scroll            ||     1
 Stab: Sleeping          ||    16
Armor: Robe              ||    10
Dodge: Dodged            ||   102

Table legend:
 A = Non-vault XP
 B = Vault XP
 C = Vault XP percentage of total XP
 D = Non-vault monster count
 E = Vault monster count
 F = Vault count percentage of total count
                 A         B        C        D         E       F
            +---------+---------+-------+---------+---------+-------
      Total |      53 |      43 |  44.8 |      22 |       5 |  18.5
            +---------+---------+-------+---------+---------+-------
        D:1 |      12 |       0 |   0.0 |       7 |       0 |   0.0
        D:2 |      40 |       8 |  16.7 |      14 |       4 |  22.2
        D:3 |       1 |      35 |  97.2 |       1 |       1 |  50.0
            +---------+---------+-------+---------+---------+-------
